 Dungeon Crawl Stone Soup version 0.29.1-4-g47bece8355 (webtiles) character file.

Game seed: 3127682412685468347

4 DandyGuy the Chopper (level 1, 0/19 HPs)
             Began as a Minotaur Berserker on Dec 12, 2022.
             Was a Follower of Trog.
             Slain by a quokka (4 damage)
             ... on level 1 of the Dungeon.
             The game lasted 00:00:26 (100 turns).

DandyGuy the Chopper (Minotaur Berserker)            Turns: 100, Time: 00:00:27

Health: 0/19       AC:  2    Str: 21    XL:     1   Next: 50%
Magic:  0/0        EV: 12    Int:  4    God:    Trog [*.....]
Gold:   48         SH:  0    Dex:  9    Spells: 0/0 levels left

rFire   . . .      SeeInvis .   a - +0 hand axe
rCold   . . .      Faith    .   (no shield)
rNeg    . . .      Spirit   .   b - +0 animal skin
rPois   .          Reflect  .   (helmet restricted)
rElec   .          Harm     .   (no cloak)
rCorr   .          Rampage  .   (no gloves)
Will    .....                   (no boots)
Stlth   +.........              (no amulet)
HPRegen 0.06/turn               (no ring)
MPRegen 0.07/turn               (no ring)

@: no status effects
A: horns 2, retaliatory headbutt
a: Renounce Religion, Berserk


You were on level 1 of the Dungeon.
You worshipped Trog.
Trog was aware of your devotion.
You visited 1 branch of the dungeon, and saw 1 of its levels.

You collected 48 gold pieces.

Inventory:

Hand Weapons
 a - a +0 hand axe (weapon)
Armour
 b - a +0 animal skin (worn)
Potions
 c - a potion of attraction {unknown}


   Skills:
 - Level 3.6 Fighting
 * Level 4.0 Axes
 - Level 2.4 Armour
 - Level 2.1 Dodging


You couldn't memorise any spells.
You didn't know any spells.
Your spell library was empty.

Dungeon Overview and Level Annotations

Branches:
Dungeon (1/15)

Altars:


Innate Abilities, Weirdness & Mutations

You have a pair of horns on your head.
You reflexively headbutt those who attack you in melee.


Message History

The hobgoblin is heavily wounded.
The hobgoblin hits you.
You barely miss the hobgoblin.
The hobgoblin is heavily wounded.
The hobgoblin hits you.
You are too injured to fight recklessly!
You are too injured to fight recklessly!
You hit the hobgoblin.
You kill the hobgoblin!
Trog accepts your kill.
You see here a hobgoblin corpse.
You barely miss the frilled lizard.
Your headbutt misses the frilled lizard.
The frilled lizard barely misses you.
You hit the frilled lizard.
You kill the frilled lizard!
Trog accepts your kill.
Your Axes skill increases to level 4!
You see here a frilled lizard corpse.
You start resting.
A quokka comes into view.
A quokka is nearby!
The quokka bites you. The quokka barely misses you.
You are too injured to fight recklessly!
You are too injured to fight recklessly!
You barely miss the quokka.
You headbutt the quokka, but do no damage.
The quokka barely misses you.
You closely miss the quokka. Your headbutt misses the quokka.
The quokka closely misses you.
You miss the quokka. The quokka barely misses you. You furiously retaliate!
You headbutt the quokka, but do no damage.
The quokka bites you but does no damage.
You barely miss the quokka. The quokka bites you.
* * * LOW HITPOINT WARNING * * *
You hit the quokka.
The quokka is almost dead.
The quokka bites you.
You die...

#######..# ..###...#.#
#....#..## #..#......###
###.###....###.............
........#...#...#..........
###..#####.....# ......#
#..# ##._.## ##....#
#..#####.....###††..#
#..##.#...#..r#....##
#..#.....###..@..+##
#....#..## ##..##.#
#######..# #..## .# ##.#
#### .# # #.# ..
#.##.######. ..
#....†...... ...
####.######. #..##


You could see a quokka.

Vanquished Creatures
  A hobgoblin (D:1)
  2 ball pythons (D:1)
  A frilled lizard (D:1)
  A rat (D:1)
5 creatures vanquished.

Notes
Turn   | Place    | Note
-------+----------+-------------------------------------------
     0 | D:1      | DandyGuy the Minotaur Berserker began the quest for the
                  | Orb.
     0 | D:1      | Reached XP level 1. HP: 19/19 MP: 0/0
    34 | D:1      | Found a faded altar of an unknown god.
    71 | D:1      | Reached skill level 4 in Axes
   100 | D:1      | Slain by a quokka

Illustrated notes

Levels and vault maps discovered:
D:1:      eino_arrival_tree_alley, layout_loops_corners,
          nicolae_ecumenical_snake_handling

Skill      XL: |  1 |
---------------+----+-----
Axes           | 4 |  4.0
Fighting       | |  3.6
Armour         | |  2.4
Dodging        | |  2.1

Action                   || total
-------------------------++-------
Melee: Hand axe          ||    15
       Headbutt          ||     3
Armor: Animal skin       ||     1
Dodge: Dodged            ||    10
